AoeStats
← TheQuietRiot

Arabia

508954023Analyzed
1v1 RM · 7d ago on Sep 24, 2026· 30m 23s· 2 players
Game mode
Random Map
Map size
Tiny (2 player)
Population
200
Speed
Normal
Resources
Standard
Victory
Conquest
Starting age
Dark Age
Ending age
Imperial Age
RankedLock teamsTeams togetherTeam positionsShared explorationLock speedFull tech treeHidden civsTurbo modeCheats
Victory
Defeat
🇧🇷 Romans · Brazil
956
+17
🇬🇧 Saxons · United Kingdom
972
-17
viktor_uebelhart
9:56 Feudal Age
10:15 Man-at-Arms
10:47 Double-Bit Axe
12:10 Scale Mail Armor
13:57 Loom
16:31 Horse Collar
22:30 Castle Age
20:53 Forging
23:21 Long Swordsman
24:19 Chain Mail Armor
24:33 Squires
25:19 Wheelbarrow
26:25 Bow Saw
26:17 Heavy Plow
27:01 Iron Casting
28:41 Hand Cart
TheQuietRiot
10:34 Feudal Age
8:50 Loom
10:39 Feudal Age
11:31 Double-Bit Axe
22:45 Castle Age
22:39 Forging
23:27 Bloodlines
24:59 Husbandry
29:41 Bow Saw
Connection lost

Rejoining the realm…

Still unreachable

The connection could not be restored.

Session expired

The server has moved on; the page needs a fresh start.